 Dungeon Crawl Stone Soup version 0.21.1-1-g345015f (webtiles) character file.

3214 wojtek the Cleaver (level 9, -6/79 HPs)
             Began as a Minotaur Fighter on June 11, 2018.
             Was a Follower of Makhleb.
             Mangled by an orc warrior
             ... wielding a +0 glaive
              (16 damage)
             ... on level 7 of the Dungeon.
             The game lasted 00:07:36 (6207 turns).

wojtek the Cleaver (Minotaur Fighter)               Turns: 6207, Time: 00:07:37

Health: -6/79      AC: 14    Str: 24    XL:     9   Next: 65%
Magic:  11/11      EV:  9    Int:  5    God:    Makhleb [*.....]
Gold:   159        SH: 11    Dex: 10    Spells: 8/8 levels left

rFire    . . .     SeeInvis .   a - +5 war axe (freeze)
rCold    . . .     Gourm    .   c - +0 shield
rNeg     . . .     Faith    .   D - +0 chain mail
rPois    .         Spirit   .   (helmet restricted)
rElec    .         Reflect  .   p - +0 cloak
rCorr    .         Harm     .   y - +0 pair of gloves
MR       .....                  N - +0 pair of boots {Fly}
Stlth    ..........             (no amulet)
HPRegen  0.23/turn              (no ring)
MPRegen  0.12/turn              (no ring)

@: flying
A: retaliatory headbutt, horns 2
a: Renounce Religion, Stop Flying


You were on level 7 of the Dungeon.
You worshipped Makhleb.
Makhleb was aware of your devotion.
You were not hungry.

You visited 2 branches of the dungeon, and saw 8 of its levels.

You collected 331 gold pieces.
You spent 172 gold pieces at shops.

Inventory:

Hand Weapons
 a - a +5 war axe of freezing (weapon)
 H - a +1 whip of electrocution
Missiles
 s - 2 throwing nets (quivered)
Armour
 c - a +0 shield (worn)
 p - a +0 cloak (worn)
 y - a +0 pair of gloves (worn)
 D - a +0 chain mail (worn)
 E - the +2 robe of Zimify {rPois Str+5, unknown}
   (You found it on level 5 of the Dungeon)

   It affects your strength (+5).
   It protects you from poison.
 N - a +0 pair of boots of flying (worn)
Jewellery
 b - an uncursed ring of protection from cold {unknown}
 K - an uncursed amulet of rage {unknown}
 M - an uncursed amulet of faith {unknown}
Wands
 A - a wand of paralysis (12)
 B - a wand of iceblast (11)
 F - a wand of random effects (11)
Scrolls
 e - 2 scrolls of random uselessness {unknown}
 g - a scroll of magic mapping {unknown}
 h - 13 scrolls of identify {unknown}
 i - 3 scrolls of enchant weapon {unknown}
 k - a scroll of blinking {unknown}
 m - a scroll of immolation {unknown}
 n - a scroll of enchant armour {unknown}
 o - 3 scrolls of teleportation {unknown}
 r - 4 scrolls of remove curse {unknown}
 t - 3 scrolls of noise {unknown}
 x - 5 scrolls of amnesia {unknown}
 I - a scroll of fear {unknown}
Potions
 d - a potion of might
 j - a potion of brilliance {unknown}
 l - a potion of haste {unknown}
 q - 4 potions of curing
 v - 2 potions of berserk rage {unknown}
 w - 2 potions of resistance
 z - 3 potions of flight {unknown}
 G - 2 potions of lignification {unknown}
 J - a potion of mutation {unknown}
Books
 u - a book of Misfortune

   Spells                             Type                      Level
   a - Confusing Touch                Hexes                        1
   b - Confuse                        Hexes                        3
   c - Gell's Gravitas                Translocation                3
   d - Petrify                        Transmutation/Earth          4
   e - Metabolic Englaciation         Hexes/Ice                    5
   f - Yara's Violent Unravelling     Hexes/Transmutation          5
 C - a book of Necromancy

   Spells                             Type                      Level
   a - Pain                           Necromancy                   1
   b - Animate Skeleton               Necromancy                   1
   c - Vampiric Draining              Necromancy                   3
   d - Regeneration                   Charms/Necromancy            3
   e - Animate Dead                   Necromancy                   4
   f - Borgnjor's Vile Clutch         Necromancy/Earth             5
Comestibles
 f - 18 rations
 L - a chunk of flesh


   Skills:
 + Level 7.1 Fighting
 + Level 8.9 Axes
 + Level 7.2 Armour
 + Level 5.4 Dodging
 + Level 7.2 Shields
 * Level 5.1 Invocations


You had 8 spell levels left.
You didn't know any spells.

Dungeon Overview and Level Annotations

Branches:
Dungeon (7/15)             Temple (1/1) D:4

Altars:
Ashenzari
Cheibriados
Dithmenos
Elyvilon
Fedhas
Hepliaklqana
Kikubaaqudgha
Makhleb
Nemelex Xobeh
Okawaru
Qazlal
Ru
Sif Muna
Trog
Uskayaw
Vehumet
Wu Jian
Xom
Yredelemnul
The Shining One

Shops:
D:7 [


Innate Abilities, Weirdness & Mutations

You reflexively headbutt those who attack you in melee.
You have a pair of horns on your head.


Message History

You slash the orc wizard! You freeze the orc wizard.
Your shield and chain mail prevent you from hitting the orc warrior.
You barely miss the orc. You slash the wight! You freeze the wight.
The orc wizard casts a spell at you. The puff of flame hits you!
Something hits you but does no damage.
The wight hits you but does no damage. x2; The orc hits you but does no damage.
The orc warrior hits you with a glaive!!
* * * LOW HITPOINT WARNING * * *
The orc wizard hits you with a dagger.
* * * LOW HITPOINT WARNING * * *
The wight misses you.
The orc wizard hits you but does no damage.
It was a potion of curing.
You feel better. The orc warrior hits you with a glaive.
* * * LOW HITPOINT WARNING * * *
Something hits you but does no damage. You block the wight's attack.
You block the orc wizard's attack. The wight misses you.
Unknown command.
The orc warrior hits you from afar with a glaive!
You die...

#..............##.
#.........#######.
#.#......#...####.
##
####...#........
#. #...#.......##.
#.
##.#####........
#. ##..# #...##...
######.###..##
#...##...
.......o.@.##
#...##...
#.....z....#
######...
#.....zoo..# ####
#.....z....#
#..........#
#..........#
############


You could see an orc warrior, 3 wights, an orc wizard and an orc.

Vanquished Creatures
  The ghost of Kagorn the Fighter, a novice GrBe of Trog (D:7)
  Pikel (D:6)
  Joseph (D:7)
  Prince Ribbit (D:6)
  Sigmund (D:3)
  2 sky beasts
  An ogre (D:4)
  2 slaves
  A centaur (D:6)
  3 bullfrogs (D:6)
  2 scorpions (D:6)
  5 wights (D:6)
  A crimson imp (D:6)
  2 jellies (D:7)
  4 orc priests
  A centaur skeleton (D:6)
  Jessica (D:3)
  3 orc wizards
  3 iguanas
  A worker ant (D:4)
  2 hound zombies (D:7)
  A worker ant zombie (D:6)
  7 gnolls (D:2)
  10 adders
  2 shadow imps (D:6)
  3 oozes
  An adder skeleton (D:7)
  2 worms (D:2)
  2 dart slugs (D:2)
  4 leopard geckos
  12 orcs
  5 giant cockroaches
  5 goblins
  11 hobgoblins
  6 jackals
  6 kobolds
  3 quokkas
  7 bats
  4 frilled lizards
  2 jackal skeletons (D:4)
  6 rats
138 creatures vanquished.

Notes
Turn   | Place    | Note
-------+----------+-------------------------------------------
     0 | D:1      | wojtek the Minotaur Fighter began the quest for the Orb.
     0 | D:1      | Reached XP level 1. HP: 19/19 MP: 0/0
   129 | D:1      | Reached skill level 3 in Axes
   140 | D:1      | Reached XP level 2. HP: 12/26 MP: 1/1
   356 | D:1      | Reached skill level 4 in Axes
   500 | D:1      | Reached XP level 3. HP: 31/31 MP: 2/2
  1042 | D:2      | Reached skill level 5 in Axes
  1044 | D:2      | Reached XP level 4. HP: 18/39 MP: 3/3
  1374 | D:2      | Reached skill level 6 in Axes
  1769 | D:3      | Reached XP level 5. HP: 45/45 MP: 4/4
  1897 | D:3      | Noticed Sigmund
  1911 | D:3      | Killed Sigmund
  1911 | D:3      | Reached skill level 1 in Dodging
  1911 | D:3      | Reached XP level 6. HP: 8/52 MP: 5/5
  2287 | D:3      | Found a hazy altar of Hepliaklqana.
  2289 | D:3      | Noticed Jessica
  2292 | D:3      | Killed Jessica
  2385 | D:3      | Found a white marble altar of Elyvilon.
  2765 | D:4      | Found a staircase to the Ecumenical Temple.
  2774 | Temple   | Entered the Ecumenical Temple
  3064 | D:4      | Found a stormy altar of Qazlal.
  3065 | D:4      | Found an iron altar of Okawaru.
  3065 | D:4      | Found a burning altar of Makhleb.
  3070 | D:4      | Found a deep blue altar of Sif Muna.
  3070 | D:4      | Found a shattered altar of Ashenzari.
  3082 | D:4      | Became a worshipper of Makhleb the Destroyer
  3137 | D:4      | Reached skill level 7 in Axes
  3139 | D:4      | Reached XP level 7. HP: 35/60 MP: 6/6
  3497 | D:5      | Entered Level 5 of the Dungeon
  3812 | D:5      | Got a steaming robe
  4261 | D:6      | Reached skill level 5 in Fighting
  4261 | D:6      | Reached skill level 5 in Armour
  4261 | D:6      | Reached skill level 5 in Shields
  4473 | D:6      | Reached XP level 8. HP: 68/69 MP: 7/7
  4529 | D:6      | Reached skill level 1 in Invocations
  4649 | D:6      | Reached skill level 8 in Axes
  4663 | D:6      | Reached * piety under Makhleb
  5386 | D:7      | Noticed Pikel
  5391 | D:7      | Noticed Prince Ribbit
  5394 | D:7      | Noticed Joseph
  5689 | D:6      | Killed Pikel
  5689 | D:6      | Reached XP level 9. HP: 65/78 MP: 10/10
  5759 | D:6      | Killed Prince Ribbit
  5915 | D:7      | Killed Joseph
  5915 | D:7      | Reached skill level 5 in Dodging
  5920 | D:7      | Noticed Kagorn's ghost (novice GrBe)
  5946 | D:7      | Killed Kagorn's ghost
  6004 | D:7      | Noticed a dagger
  6005 | D:7      | Found a hide-covered altar of Uskayaw.
  6006 | D:7      | Noticed a hand axe
  6130 | D:7      | Reached skill level 5 in Invocations
  6133 | D:7      | Found Cucun's Antique Armour Emporium.
  6149 | D:7      | Bought a pair of glowing boots for 172 gold pieces
  6207 | D:7      | Mangled by an orc warrior

Skill      XL: |  1  2  3  4  5  6  7  8  9 |
---------------+----------------------------+-----
Axes           | 3 4 5 6 7 8 |  8.9
Fighting       | 4 5 6 7 |  7.1
Armour         | 4 5 6 7 |  7.2
Dodging        | 1 2 3 4 5 |  5.4
Shields        | 4 5 6 7 |  7.2
Invocations    | 3 5 |  5.1

Action                   |  1- 3 |  4- 6 |  7- 9 || total
-------------------------+-------+-------+-------++-------
Melee: War axe           |    82 |   122 |   226 ||   430
       Headbutt          |    11 |    22 |    37 ||    70
  Use: Potion            |       |       |     1 ||     1
  Eat: Chunk             |       |     7 |    10 ||    17
Armor: Scale mail        |    27 |    42 |    15 ||    84
       Chain mail        |       |       |   113 ||   113
Dodge: Dodged            |    32 |    42 |    82 ||   156
Block: Shield            |    51 |    62 |   124 ||   237
